| TOP OF THE 1ST |
|
Atlanta Braves batting - Pitching for Cincinnati Reds : RHP Gary Nolan
|
|
Pitching: RHP Gary Nolan
|
|
|
Batting: LHB Brett Butler
|
0-0: Bunt for hit to 15S - play at first, batter OUT! 1-3
|
|
Batting: LHB Joe L Morgan
|
0-0: Foul Ball, location: 2F 0-1: Swinging Strike 0-2: Ball 1-2: SINGLE (Line Drive, 89M, EV 91.3 MPH)
|
|
Batting: SHB Tony Fernandez
|
0-0: Fly out, F4 (Line Drive, 4, EV 67.5 MPH)
|
|
Batting: LHB Karl Pagel
|
0-0: Ball 1-0: Ball 2-0: Ball 3-0: Base on Balls Joe L Morgan to second
|
|
Batting: LHB Leon Durham
|
0-0: SINGLE (Line Drive, 78S, EV 102.5 MPH) Joe L Morgan to third Karl Pagel to second Runner from 3rd tries for Home, SAFE, throw by CF to trailing runner, OUT at third! 8-5
|
| Top of the 1st over - 1 run, 2 hits, 0 errors, 1 left on base; Atlanta 1 - Cincinnati 0 |
| BOTTOM OF THE 1ST |
|
Cincinnati Reds batting - Pitching for Atlanta Braves : LHP Randy Lerch
|
|
Pitching: LHP Randy Lerch
|
|
|
Batting: RHB Jim Anderson
|
0-0: Called Strike 0-1: Called Strike 0-2: Foul Ball, location: 2F 0-2: Ball 1-2: Strikes out swinging
|
|
Batting: RHB Nick Deurloo
|
0-0: Swinging Strike 0-1: Foul Ball, location: 2F 0-2: SINGLE (Groundball, 4MD, EV 96.9 MPH)
|
|
Batting: LHB Mike Easler
|
0-0: Ball 1-0: Fly out, F9 (Flyball, 89D, EV 100.0 MPH)
|
|
Batting: RHB Johnny Bench
|
0-0: Ball 1-0: Ball Nick Deurloo is caught stealing 2nd base 2-4
|
| Bottom of the 1st over - 0 runs, 1 hit, 0 errors, 0 left on base; Atlanta 1 - Cincinnati 0 |
| TOP OF THE 2ND |
|
Atlanta Braves batting - Pitching for Cincinnati Reds : RHP Gary Nolan
|
|
Batting: LHB Mike Hargrove
|
0-0: Ball 1-0: Foul Ball, location: 2F 1-1: Foul Ball, location: 2F 1-2: Foul Ball, location: 2F 1-2: Ball 2-2: Foul Ball, location: 2F 2-2: Ground out 4-3 (Groundball, 34D, EV 81.9 MPH)
|
|
Batting: LHB Mike Scioscia
|
0-0: Ball 1-0: Called Strike 1-1: DOUBLE (Line Drive, 9LM, EV 111.9 MPH)
|
|
Batting: RHB Tom Veryzer
|
0-0: Foul Ball, location: 2F 0-1: Ball 1-1: Ball 2-1: Foul Ball, location: 2F 2-2: Strikes out looking
|
|
Batting: LHB Randy Lerch
|
0-0: Ball 1-0: Swinging Strike 1-1: Foul Ball, location: 2F 1-2: Foul Ball, location: 2F 1-2: SINGLE (Groundball, 56D, EV 95.6 MPH) Mike Scioscia to third Runner from 3rd tries for Home, SAFE, throw by LF to home
|
|
Batting: LHB Brett Butler
|
0-0: Ball 1-0: Foul Ball, location: 2F 1-1: Fly out, F7 (Line Drive, 7, EV 96.9 MPH)
|
| Top of the 2nd over - 1 run, 2 hits, 0 errors, 1 left on base; Atlanta 2 - Cincinnati 0 |
| BOTTOM OF THE 2ND |
|
Cincinnati Reds batting - Pitching for Atlanta Braves : LHP Randy Lerch
|
|
Batting: RHB Johnny Bench
|
0-0: Called Strike 0-1: Ball 1-1: Ball 2-1: Ball 3-1: Ground out 6-3 (Groundball, 6M, EV 80.6 MPH)
|
|
Batting: LHB Darrell Evans
|
0-0: Foul Ball, location: 2F 0-1: Foul Ball, location: 2F 0-2: Ball 1-2: Foul Ball, location: 2F 1-2: Ground out 6-3 (Groundball, 6, EV 86.9 MPH)
|
|
Batting: RHB Gary Matthews
|
0-0: Bunt for hit to 23 - play at first, batter OUT! 3-4
|
| Bottom of the 2nd over - 0 runs, 0 hits, 0 errors, 0 left on base; Atlanta 2 - Cincinnati 0 |
| TOP OF THE 3RD |
|
Atlanta Braves batting - Pitching for Cincinnati Reds : RHP Gary Nolan
|
|
Batting: LHB Joe L Morgan
|
0-0: Called Strike 0-1: Swinging Strike 0-2: Ball 1-2: Ground out 6-3 (Groundball, 6M, EV 99.4 MPH)
|
|
Batting: SHB Tony Fernandez
|
0-0: Ball 1-0: Called Strike 1-1: Foul Ball, location: 2F 1-2: SINGLE (Flyball, 8LS, EV 96.3 MPH)
|
|
Batting: LHB Karl Pagel
|
0-0: Called Strike 0-1: Ball 1-1: Foul Ball, location: 2F 1-2: Strikes out looking Tony Fernandez steals 2nd base Batter strikes out.
|
|
Batting: LHB Leon Durham
|
0-0: Ball 1-0: Ball 2-0: Fly out, F7 (Flyball, 7, EV 96.9 MPH)
|
| Top of the 3rd over - 0 runs, 1 hit, 0 errors, 1 left on base; Atlanta 2 - Cincinnati 0 |
| BOTTOM OF THE 3RD |
|
Cincinnati Reds batting - Pitching for Atlanta Braves : LHP Randy Lerch
|
|
Batting: RHB Bill Melton
|
0-0: Ball 1-0: Called Strike 1-1: Swinging Strike 1-2: SOLO HOME RUN (Flyball, 78XD, EV 93.8 MPH), Distance : 431 ft
|
|
Batting: RHB Jesus Alfaro
|
0-0: Called Strike 0-1: Foul Ball, location: 2F 0-2: Ground out 4-3 (Groundball, 4S, EV 71.3 MPH)
|
|
Batting: RHB Gary Nolan
|
0-0: Ball 1-0: Ball 2-0: Called Strike 2-1: Foul Ball, location: 2F 2-2: Ball 3-2: Strikes out swinging
|
|
Batting: RHB Jim Anderson
|
0-0: Called Strike 0-1: Ball 1-1: Ball 2-1: SINGLE (Line Drive, 89M, EV 88.8 MPH)
|
|
Batting: RHB Nick Deurloo
|
0-0: Ball Jim Anderson steals 2nd base 1-0: Ball 2-0: Foul Ball, location: 2F 2-1: Foul Ball, location: 2F 2-2: SINGLE (Line Drive, 9S, EV 109.4 MPH) Jim Anderson to third Runner from 3rd tries for Home, SAFE, throw by RF to home
|
|
Batting: LHB Mike Easler
|
0-0: Called Strike 0-1: Ball 1-1: Called Strike 1-2: Ground out 2-3 (Groundball, 13S, EV 64.4 MPH)
|
| Bottom of the 3rd over - 2 runs, 3 hits, 0 errors, 1 left on base; Atlanta 2 - Cincinnati 2 |
| TOP OF THE 4TH |
|
Atlanta Braves batting - Pitching for Cincinnati Reds : RHP Gary Nolan
|
|
Batting: LHB Mike Hargrove
|
0-0: Ball 1-0: Foul Ball, location: 2F 1-1: Ground out 5-3 (Groundball, 56, EV 84.4 MPH)
|
|
Batting: LHB Mike Scioscia
|
0-0: Ball 1-0: Called Strike 1-1: Foul Ball, location: 2F 1-2: Foul Ball, location: 2F 1-2: Ball 2-2: Ball 3-2: Ground out 4-3 (Groundball, 4S, EV 79.4 MPH)
|
|
Batting: RHB Tom Veryzer
|
0-0: Ball 1-0: Ball 2-0: Ground out 5-3 (Groundball, 56, EV 105.0 MPH)
|
| Top of the 4th over - 0 runs, 0 hits, 0 errors, 0 left on base; Atlanta 2 - Cincinnati 2 |
| BOTTOM OF THE 4TH |
|
Cincinnati Reds batting - Pitching for Atlanta Braves : LHP Randy Lerch
|
|
Batting: RHB Johnny Bench
|
0-0: Swinging Strike 0-1: Ball 1-1: Swinging Strike 1-2: Strikes out swinging
|
|
Batting: LHB Darrell Evans
|
0-0: Ball 1-0: Called Strike 1-1: Fly out, F8 (Flyball, 8LM, EV 90.0 MPH)
|
|
Batting: RHB Gary Matthews
|
0-0: Ball 1-0: Called Strike 1-1: Ball 2-1: Fly out, F6 (Flyball, 6MD, EV 87.5 MPH)
|
| Bottom of the 4th over - 0 runs, 0 hits, 0 errors, 0 left on base; Atlanta 2 - Cincinnati 2 |
| TOP OF THE 5TH |
|
Atlanta Braves batting - Pitching for Cincinnati Reds : RHP Gary Nolan
|
|
Batting: LHB Randy Lerch
|
0-0: Called Strike 0-1: Ball 1-1: Swinging Strike 1-2: Ball 2-2: Strikes out looking
|
|
Batting: LHB Brett Butler
|
0-0: Swinging Strike 0-1: Ball 1-1: Ball 2-1: Foul Ball, location: 2F 2-2: Ground out 4-3 (Groundball, 4, EV 87.5 MPH)
|
|
Batting: LHB Joe L Morgan
|
0-0: Ball 1-0: Foul Ball, location: 2F 1-1: Fly out, F8 (Line Drive, 8LD, EV 88.8 MPH)
|
| Top of the 5th over - 0 runs, 0 hits, 0 errors, 0 left on base; Atlanta 2 - Cincinnati 2 |
| BOTTOM OF THE 5TH |
|
Cincinnati Reds batting - Pitching for Atlanta Braves : LHP Randy Lerch
|
|
Batting: RHB Bill Melton
|
0-0: Ball 1-0: Foul Ball, location: 2F 1-1: Ground out 1-3 (Groundball, P, EV 69.4 MPH)
|
|
Batting: RHB Jesus Alfaro
|
0-0: Ball 1-0: Ball 2-0: Ball 3-0: Base on Balls
|
|
Batting: RHB Gary Nolan
|
0-0: Bunted foul 0-1: Bunt - Flyout to 2L! F2
|
|
Batting: RHB Jim Anderson
|
0-0: Called Strike 0-1: Ball 1-1: Ground out 1-3 (Groundball, 13, EV 75.6 MPH)
|
| Bottom of the 5th over - 0 runs, 0 hits, 0 errors, 1 left on base; Atlanta 2 - Cincinnati 2 |
| TOP OF THE 6TH |
|
Atlanta Braves batting - Pitching for Cincinnati Reds : RHP Gary Nolan
|
|
Batting: SHB Tony Fernandez
|
0-0: Ball 1-0: Swinging Strike 1-1: Ground out U3 (Groundball, 3, EV 106.9 MPH)
|
|
Batting: LHB Karl Pagel
|
0-0: Foul Ball, location: 2F 0-1: Foul Ball, location: 2F 0-2: Ball 1-2: Strikes out swinging
|
|
Batting: LHB Leon Durham
|
0-0: Called Strike 0-1: Ball 1-1: Ball 2-1: Ball 3-1: Ground out U3 (Groundball, 3, EV 88.8 MPH)
|
| Top of the 6th over - 0 runs, 0 hits, 0 errors, 0 left on base; Atlanta 2 - Cincinnati 2 |
| BOTTOM OF THE 6TH |
|
Cincinnati Reds batting - Pitching for Atlanta Braves : LHP Randy Lerch
|
|
Batting: RHB Nick Deurloo
|
0-0: Ball 1-0: Ball 2-0: Foul Ball, location: 2F 2-1: Foul Ball, location: 2F 2-2: Strikes out swinging
|
|
Batting: LHB Mike Easler
|
0-0: Ball 1-0: Fly out, F9 (Flyball, 9LD, EV 103.1 MPH)
|
|
Batting: RHB Johnny Bench
|
0-0: Called Strike 0-1: Ball 1-1: Fly out, F8 (Flyball, 78D, EV 98.8 MPH)
|
| Bottom of the 6th over - 0 runs, 0 hits, 0 errors, 0 left on base; Atlanta 2 - Cincinnati 2 |
| TOP OF THE 7TH |
|
Atlanta Braves batting - Pitching for Cincinnati Reds : RHP Gary Nolan
|
|
Batting: LHB Mike Hargrove
|
0-0: Ball 1-0: Called Strike 1-1: Ball 2-1: Foul Ball, location: 2F 2-2: Ball 3-2: Ground out 4-3 (Groundball, 4, EV 87.5 MPH)
|
|
Batting: LHB Mike Scioscia
|
0-0: Fly out, F8 (Flyball, 8RS, EV 84.4 MPH)
|
|
Batting: RHB Tom Veryzer
|
0-0: Foul Ball, location: 2F 0-1: Foul Ball, location: 2F 0-2: Ball 1-2: Ball 2-2: Strikes out swinging
|
| Top of the 7th over - 0 runs, 0 hits, 0 errors, 0 left on base; Atlanta 2 - Cincinnati 2 |
| BOTTOM OF THE 7TH |
|
Cincinnati Reds batting - Pitching for Atlanta Braves : LHP Randy Lerch
|
|
Batting: LHB Darrell Evans
|
0-0: Ball 1-0: Ball 2-0: Foul Ball, location: 2F 2-1: Ball 3-1: Ground out 4-3 (Groundball, 4MD, EV 107.5 MPH)
|
|
Batting: RHB Gary Matthews
|
0-0: SINGLE (Line Drive, 8LS, EV 113.1 MPH)
|
|
Pitching: RHP Charlie Lea
|
|
|
Now at 3B: UL Washington
|
|
|
Batting: RHB Bill Melton
|
0-0: Ball Gary Matthews steals 2nd base 1-0: Swinging Strike 1-1: Ball 2-1: Called Strike 2-2: Strikes out swinging
|
|
Batting: RHB Jesus Alfaro
|
0-0: Called Strike 0-1: Ball 1-1: Foul Ball, location: 2F 1-2: Strikes out swinging
|
| Bottom of the 7th over - 0 runs, 1 hit, 0 errors, 1 left on base; Atlanta 2 - Cincinnati 2 |
| TOP OF THE 8TH |
|
Atlanta Braves batting - Pitching for Cincinnati Reds : RHP Gary Nolan
|
|
Batting: SHB UL Washington
|
0-0: Ball 1-0: Foul Ball, location: 2F 1-1: Called Strike 1-2: Fly out, F7 (Flyball, 7, EV 84.4 MPH)
|
|
Batting: LHB Brett Butler
|
0-0: Called Strike 0-1: Ball 1-1: Fly out, F6 (Line Drive, 6, EV 71.3 MPH)
|
|
Batting: LHB Joe L Morgan
|
0-0: Called Strike 0-1: Ball 1-1: Ball 2-1: Ball 3-1: Ground out 6-3 (Groundball, 6, EV 105.6 MPH)
|
| Top of the 8th over - 0 runs, 0 hits, 0 errors, 0 left on base; Atlanta 2 - Cincinnati 2 |
| BOTTOM OF THE 8TH |
|
Cincinnati Reds batting - Pitching for Atlanta Braves : RHP Charlie Lea
|
|
Pinch Hitting: LHB Jim Bennett
|
0-0: Ball 1-0: TRIPLE (Flyball, 8RXD, EV 100.0 MPH)
|
|
Batting: RHB Jim Anderson
|
0-0: Ball 1-0: Foul Ball, location: 2F 1-1: Ball 2-1: SINGLE (Groundball, 6MD, EV 93.8 MPH) Jim Bennett scores
|
|
Batting: RHB Nick Deurloo
|
0-0: Ground out 4-3 (Groundball, 34, EV 108.1 MPH) Jim Anderson to second
|
|
Batting: LHB Mike Easler
|
0-0: Intentional Walk
|
|
Batting: RHB Johnny Bench
|
0-0: Ball 1-0: Fly out, F7 (Flyball, 78S, EV 88.8 MPH)
|
|
Batting: LHB Darrell Evans
|
0-0: Foul Ball, location: 2F 0-1: Called Strike 0-2: Ball 1-2: Strikes out swinging
|
| Bottom of the 8th over - 1 run, 2 hits, 0 errors, 2 left on base; Atlanta 2 - Cincinnati 3 |
| TOP OF THE 9TH |
|
Atlanta Braves batting - Pitching for Cincinnati Reds : RHP Gary Nolan
|
|
Pitching: RHP Jay Dillard
|
|
|
Now in LF: Jim Bennett
|
|
|
Batting: SHB Tony Fernandez
|
0-0: Called Strike 0-1: Ground out 1-3 (Groundball, 23, EV 63.1 MPH)
|
|
Batting: LHB Karl Pagel
|
0-0: Foul Ball, location: 2F 0-1: Ball 1-1: Ground out 4-3 (Groundball, 4M, EV 100.0 MPH)
|
|
Batting: LHB Leon Durham
|
0-0: Ground out 6-3 (Groundball, 6, EV 84.4 MPH)
|
| Top of the 9th over - 0 runs, 0 hits, 0 errors, 0 left on base; Atlanta 2 - Cincinnati 3 |
|